 Dungeon Crawl Stone Soup version 0.28.0-1-gb440e238dd (webtiles) character file.

Game seed: 9048662775609651880

54 mortz the Skirmisher (level 4, -14/35 HPs)
             Began as a Human Fighter on Feb 21, 2022.
             Demolished by an ogre (29 damage)
             ... on level 2 of the Dungeon.
             The game lasted 00:09:23 (2456 turns).

mortz the Skirmisher (Human Fighter)                Turns: 2456, Time: 00:09:24

Health: -14/35     AC:  6    Str: 19    XL:     4   Next: 12%
Magic:  4/4        EV:  9    Int:  8    God:
Gold:   32         SH:  4    Dex: 12    Spells: 3/3 levels left

rFire   . . .      SeeInvis .   a - +0 long sword
rCold   . . .      Faith    .   c - +0 buckler
rNeg    . . .      Spirit   .   b - +0 scale mail
rPois   .          Reflect  .   (no helmet)
rElec   .          Harm     .   (no cloak)
rCorr   .          Rampage  .   (no gloves)
Will    .....                   (no boots)
Stlth   ..........              (no amulet)
HPRegen 0.11/turn               (no ring)
MPRegen 0.09/turn               (no ring)

@: no status effects
A: no striking features
a: no special abilities


You were on level 2 of the Dungeon.
You visited 1 branch of the dungeon, and saw 2 of its levels.

You collected 32 gold pieces.

Inventory:

Hand Weapons
 a - a +0 long sword (weapon)
 g - a +0 short sword
Armour
 b - a +0 scale mail (worn)
 c - a +0 buckler (worn)
Scrolls
 e - 2 scrolls of identify {unknown}
 j - a scroll of blinking {unknown}
 k - a scroll of vulnerability {unknown}
 l - a scroll of teleportation {unknown}
Potions
 d - a potion of might
 f - a potion of degeneration {unknown}
 h - a potion of magic {unknown}
 i - a potion of invisibility {unknown}


   Skills:
 + Level 3.4 Fighting
 + Level 2.9 Long Blades
 + Level 3.4 Armour
 + Level 3.3 Shields


You had 3 spell levels left.
You didn't know any spells.
Your spell library contained the following spells:

 Spells                   Type           Power      Damage    Failure   Level
 Passage of Golubria      Tloc           0%         N/A       100%        4
 Silence                  Hex/Air        0%         N/A       100%        5
 Lehudib's Crystal Spear  Conj/Erth      0%         10d2      100%        8


Dungeon Overview and Level Annotations

Branches:
Dungeon (2/15)

Altars:


Message History

You start waiting.
A worm is nearby!
You see here a giant cockroach corpse.
You barely miss the worm. You slash the worm!
The worm is severely wounded.
The worm bites you.
You slash the worm!
You kill the worm!
You start resting.
HP restored.
A kobold comes into view. It is wielding a +0 short sword.
The kobold shouts!
You closely miss the kobold. You block the kobold's attack.
You hit the kobold.
You kill the kobold!
No target in view!
A giant cockroach comes into view.
Things that are here:
a +0 short sword; 3 stones; a kobold corpse You closely miss the giant cockroach.
The giant cockroach bites you but does no damage.
You hit the giant cockroach.
You kill the giant cockroach!
k - a scroll labelled LICYNUAGGU
Found a stone staircase leading down.
l - a scroll labelled EXONO TOVIT You hit the ogre.
The ogre is lightly wounded.
The ogre hits you with a +0 giant club!!
Ouch! That really hurt!
You hit the ogre.
The ogre is moderately wounded.
The ogre closely misses you.
You hit the ogre.
The ogre is moderately wounded.
The ogre barely misses you.
The ogre hits you with a +0 giant club!!
Ouch! That really hurt!
You die...

.....# #...# #.#
#..###...... ...###
#...# #.# ##........#.
#..# #...# #O#
#......#.# ...# #...#
#B####†.##..#B# #.##
#...# #....O.w....#.#.
..# #...#
######.......... ##.##
#..###.#.#. ######
#.###########..O.....#.
#....#
#.....@O....#......###
#.##.#
#####.#†###.########
#.##.# #.......##.#
#.##.# #.##.#..##.####
#.##.#####.##.#........#
#................##.##.#
#####........###.##.##.#
#........###.##..#.#
#........>...###.#.#


You could see an ogre.

Vanquished Creatures
  An adder (D:2)
  A worm (D:2)
  A dart slug (D:1)
  4 ball pythons
  5 endoplasms
  4 giant cockroaches
  3 goblins
  2 hobgoblins (D:1)
  2 jackals (D:1)
  A quokka (D:1)
  4 bats
  2 frilled lizards
  5 kobolds
  3 rats
38 creatures vanquished.

Vanquished Creatures (others)
  13 plants (D:2)
13 creatures vanquished.

Grand Total: 51 creatures vanquished

Notes
Turn   | Place    | Note
-------+----------+-------------------------------------------
     0 | D:1      | mortz the Human Fighter began the quest for the Orb.
     0 | D:1      | Reached XP level 1. HP: 18/18 MP: 1/1
   195 | D:1      | Reached XP level 2. HP: 24/24 MP: 2/2
   822 | D:1      | Reached XP level 3. HP: 23/29 MP: 3/3
  1068 | D:1      | Found a faded altar of an unknown god.
  1903 | D:2      | Noticed an ogre
  2235 | D:2      | Reached XP level 4. HP: 35/35 MP: 4/4
  2456 | D:2      | Demolished by an ogre

Illustrated notes

Levels and vault maps discovered:
D:1:      minmay_arrival_shattered_statue, layout_rooms,
          shapermc_ecumenical_altar_mp_highgroup, minivault_11
D:2:      layout_loops_cross, basic_altar, serial_bayou_lake_a

Action                   |  1- 3 |  4- 6 || total
-------------------------+-------+-------++-------
Melee: Long sword        |   137 |    10 ||   147
Armor: Scale mail        |    63 |     1 ||    64
Dodge: Dodged            |    57 |     2 ||    59
Block: Buckler           |    35 |     1 ||    36
